 Dungeon Sprint DCSS version 0.31-a0-879-g1609e0ac53 (webtiles) character file.

Game seed: 14647581961370038676

1773 sircluck the Grappler (level 8, -7/93 HPs)
             Began as a Troll Berserker on Oct 14, 2023.
             Was an Elder of Trog.
             Mangled by a deep troll (10 damage)
             ... in the Dungeon (Sprint I: "Red Sonja").
             The game lasted 00:01:10 (308 turns).

sircluck the Grappler (Troll Berserker)              Turns: 308, Time: 00:01:10

Health: -7/93      AC:  4    Str: 28    XL:     8   Next: 80%
Magic:  7/7        EV: 12    Int:  3    God:    Trog [****..]
Gold:   715        SH:  0    Dex:  9    Spells: 7/7 levels left

rFire   . .          .
                       - Unarmed
rCold   . . .        (no shield)
rNeg    . . .        a - +0 animal skin
rPois   .            (helmet restricted)
rElec   .            (no cloak)
rCorr   .            (gloves unavailable)
SInv    .            (boots unavailable)
Will    .....        (no amulet)
Stlth   +            (no ring)
HPRegen 1.15/turn    (no ring)
MPRegen 0.10/turn

%: no teleportation
@: no status effects
A: large, unfitting armour, claws 3, regeneration 1, shaggy fur 1, tough skin 1
a: Renounce Religion, Berserk, Trog's Hand, Brothers in Arms


You were in the Dungeon.
You worshipped Trog.
Trog was greatly pleased with you.
You visited 1 branch You collected 715 gold pieces.

Inventory:

Armour
 a - a +0 animal skin (worn)
Wands
 h - a wand of polymorph (11)
Scrolls
 g - a scroll of blinking
 j - a scroll of torment {unknown}
Potions
 b - 3 potions of curing
 c - a potion of heal wounds
 d - a potion of haste
 e - 2 potions of magic
 f - a potion of berserk rage
 i - a potion of enlightenment {unknown}
 k - a potion of degeneration {unknown}


   Skills:
 + Level 10.1 Fighting
 + Level 10.0 Dodging
 + Level 11.8 Unarmed Combat


You had 7 spell levels left.
You didn't know any spells.
Your spell library was empty.

Dungeon Overview and Level Annotations

Branches:
Dungeon (1/1)

Altars:
Cheibriados
Dithmenos
Elyvilon
Fedhas
Gozag
Hepliaklqana
Kikubaaqudgha
Makhleb
Nemelex Xobeh
Okawaru
Qazlal
Ru
Sif Muna
Trog
Uskayaw
Vehumet
Wu Jian
Xom
Yredelemnul
Zin
The Shining One
Jiyva
Lugonu

Shops:
D [


Innate Abilities, Weirdness & Mutations

You are too large for most types of armour.
You have claws for hands.
Your natural rate of healing is unusually fast.
You are covered in fur. (AC +1)
You have tough skin. (AC +1)


Message History

A deep troll comes into view.
The deep troll shouts!
Found 108 gold pieces.
There is an open door here.
You claw the deep troll!
The deep troll is moderately wounded.
The deep troll bites you! The deep troll claws you!! The deep troll misses you.
You mangle the deep troll!!
The deep troll is heavily wounded.
The deep troll bites you but does no damage.
The deep troll barely misses you. The deep troll claws you.
You scratch the deep troll.
The deep troll is severely wounded.
You barely miss the deep troll.
The deep troll is severely wounded.
The deep troll bites you!! The deep troll closely misses you.
The deep troll claws you!
You are too injured to fight recklessly!
You are too injured to fight recklessly!
You are too injured to fight recklessly!
You are too injured to fight recklessly!
You are too injured to fight recklessly!
You are too injured to fight recklessly!
You are too injured to fight recklessly!
You are too injured to fight recklessly!
You are too injured to fight recklessly!
You are too injured to fight recklessly!
You are too injured to fight recklessly!
You are too injured to fight recklessly!
You are too injured to fight recklessly!
You are too injured to fight recklessly!
You closely miss the deep troll.
You claw the deep troll, but do no damage.
The deep troll is severely wounded.
The deep troll bites you!!
* * * LOW HITPOINT WARNING * * *
The deep troll claws you!
* * * LOW HITPOINT WARNING * * *
The deep troll claws you!
You die...

#..#####'#####'#__####...+
#..####..#...#.#### ####
#..#__####..##.#
#..#_____##'#_.+
#⌠⌠#_.∩..)†..._#
####_..__##_.#'#
#_____###'#.#
#########.####+###
.......'...@T$.$$+
++++####...####### ###.###
#.#'#.# #.....# #..(:.#
#######


You could see a deep troll.

Vanquished Creatures
  Sonja (D)
  2 kobold demonologists (D)
  A slime creature (D)
  Sigmund (D)
  A yak (D)
  A floating eye (D)
  An ogre (D)
  A jelly (D)
  Ijyb (D)
10 creatures vanquished.

Vanquished Creatures (others)
  2 ballistomycete spores (D)
2 creatures vanquished.

Grand Total: 12 creatures vanquished

Notes
Turn   | Place    | Note
-------+----------+-------------------------------------------
     0 | D        | sircluck the Troll Berserker began the quest for the Orb.
     0 | D        | Reached XP level 1. HP: 22/22 MP: 0/0
     1 | D        | Noticed Ijyb
    11 | D        | Killed Ijyb
    12 | D        | Reached skill level 4 in Unarmed Combat
    12 | D        | Reached XP level 2. HP: 24/32 MP: 1/1
    16 | D        | Noticed an ogre
    20 | D        | Killed an ogre
    21 | D        | Reached skill level 5 in Fighting
    21 | D        | Reached skill level 5 in Dodging
    21 | D        | Reached skill level 6 in Unarmed Combat
    21 | D        | Reached XP level 3. HP: 42/42 MP: 2/2
    21 | D        | Reached XP level 4. HP: 50/50 MP: 3/3
    25 | D        | Noticed Sigmund
    38 | D        | Killed Sigmund
    38 | D        | Reached ** piety under Trog
    39 | D        | Reached skill level 7 in Unarmed Combat
    39 | D        | Reached XP level 5. HP: 52/61 MP: 4/4
    39 | D        | Reached XP level 6. HP: 58/68 MP: 5/5
    64 | D        | Found an ornate altar of the Wu Jian Council.
    64 | D        | Found a shimmering blue altar of Sif Muna.
    66 | D        | Found a radiant altar of Vehumet.
    71 | D        | Reached skill level 8 in Unarmed Combat
    80 | D        | Found a burning altar of Makhleb.
    80 | D        | Found a viscous altar of Jiyva.
    80 | D        | Found a shimmering altar of Xom.
    80 | D        | Found a corrupted altar of Lugonu.
    80 | D        | Noticed a slime creature
    87 | D        | Killed a slime creature
    88 | D        | Reached skill level 9 in Unarmed Combat
   110 | D        | Noticed a kobold demonologist
   110 | D        | Noticed a floating eye
   110 | D        | Noticed a kobold demonologist
   112 | D        | Killed a floating eye
   112 | D        | Reached *** piety under Trog
   113 | D        | Reached XP level 7. HP: 78/79 MP: 6/6
   116 | D        | Noticed a soul eater
   116 | D        | Killed a kobold demonologist
   117 | D        | Reached skill level 10 in Unarmed Combat
   119 | D        | Killed a kobold demonologist
   119 | D        | Reached **** piety under Trog
   120 | D        | Reached XP level 8. HP: 81/92 MP: 7/7
   158 | D        | Found Qohaypt's Antique Armour Emporium.
   158 | D        | Found an ancient bone altar of Kikubaaqudgha.
   158 | D        | Found a hazy altar of Hepliaklqana.
   158 | D        | Found a hide-covered altar of Uskayaw.
   158 | D        | Found a basalt altar of Yredelemnul.
   158 | D        | Found an opulent altar of Gozag.
   158 | D        | Found a snail-covered altar of Cheibriados.
   158 | D        | Found a sacrificial altar of Ru.
   158 | D        | Found a shadowy altar of Dithmenos.
   163 | D        | Reached skill level 11 in Unarmed Combat
   173 | D        | Found a stormy altar of Qazlal.
   173 | D        | Found a blossoming altar of Fedhas.
   173 | D        | Found a bloodstained altar of Trog.
   173 | D        | Found an iron altar of Okawaru.
   173 | D        | Found a glowing golden altar of the Shining One.
   173 | D        | Found a glowing silver altar of Zin.
   173 | D        | Found a white marble altar of Elyvilon.
   174 | D        | Found a sparkling altar of Nemelex Xobeh.
   184 | D        | Noticed Sonja
   192 | D        | Killed Sonja
   193 | D        | Reached skill level 10 in Fighting
   193 | D        | Reached skill level 10 in Dodging
   302 | D        | Noticed a deep troll
   308 | D        | HP: 3/93 [deep troll (13)]
   308 | D        | Mangled by a deep troll

Illustrated notes

Levels and vault maps discovered:
D:        dungeon_sprint_1 [red_sonja_temple_1, red_sonja_temple_small_1]

Skill      XL: |  1  2  3  4  5  6  7  8 |
---------------+-------------------------+-----
Fighting       | 3 5 6 7 9 10 | 10.1
Dodging        | 3 5 6 7 9 10 | 10.0
Unarmed Combat | 4 6 7 9 10 11 | 11.8

Action                     |  1- 3 |  4- 6 |  7- 9 || total
---------------------------+-------+-------+-------++-------
  Melee: Unarmed           |    12 |    15 |    19 ||    46
         Punch             |       |     4 |     1 ||     5
 Invoke: Berserk           |       |       |     1 ||     1
 Armour: Animal skin       |     4 |     7 |    27 ||    38
         Skin              |     2 |     3 |       ||     5
  Dodge: Dodged            |     2 |     3 |     6 ||    11

Table legend: (Time is in decaauts)
 A = Elapsed time spent in this place.
 B = Non-inter-level travel time spent in this place.
 C = Inter-level travel time spent in this place.
 D = Time resting spent in this place.
 E = Time spent auto-exploring this place.
 F = Levels seen in this place.
 G = Mean time per level.
                   A        B        C        D        E       F      G
               +--------+--------+--------+--------+--------+-----+--------+
         Total |    322 |    322 |      0 |     72 |    125 |   1 |  322.0 |
       Dungeon |    322 |    322 |      0 |     72 |    125 |   1 |  322.0 |
               +--------+--------+--------+--------+--------+-----+--------+

Top non-repeatable levels by time:
       D: 322 daAuts
